cohdb
Replays
Latest Replays
All Replays
Popular Replays
Top Player Replays
Match Explorer
How It Works
Community
CoH3 Stats
Reddit
Sign in to upload your games and track your stats! →
Sign in with Steam
Match 40980278
Unlisted
Match 40980278
Overview
Messages
Build Orders
End
Construct Infanterie Kompanie
Kettenkrad Recon Vehicle
Grenadier Squad
MG 42 Machine Gun Team
Grenadier Squad
GrW 34 Mortar Team
Grenadier Squad
Construct Panzergrenadier Kompanie
Selects Terror Battlegroup
Selects Machine Gun Camouflage
251 Medium Carrier
Selects Interrogate
Pioneer Squad
MG 42 Machine Gun Team
Medical Station
Panzergrenadier Squad
Selects No Quarter
Construct Panzer Kompanie
Panzer IV Medium Tank
Selects Propaganda Leaflet Drop
Propaganda Leaflet Drop
Panzer IV Medium Tank
Propaganda Leaflet Drop
Panzer IV Medium Tank
Selects V1 Rocket Strike
Pioneer Squad
Panzer IV Medium Tank
V1 Rocket Strike
Pak 40 Anti-tank Gun Team
Propaganda Leaflet Drop
Panzer IV Medium Tank
Selects King Tiger Heavy Tank
Pak 40 Anti-tank Gun Team
MZMZ
jerjawe
xxxDerOzelotxxx
lifetec
0
0
Comments
sign in to comment!
No comments posted yet!